AoeStats
← Jaune China

Marketplace

506829828Analyzed
1v1 RM · 16d ago on Sep 15, 2026· 30m 11s· 2 players
Game mode
Random Map
Map size
Tiny (2 player)
Population
200
Speed
Normal
Resources
Standard
Victory
Conquest
Starting age
Dark Age
Ending age
Imperial Age
RankedLock teamsTeams togetherTeam positionsShared explorationLock speedFull tech treeHidden civsTurbo modeCheats
Victory
Defeat
🇫🇷 Teutons · France
771
+31
🇿🇦 Huns · South Africa
802
-17
Jaune China
7:57 Loom
10:11 Feudal Age
10:49 Double-Bit Axe
10:46 Horse Collar
18:34 Castle Age
23:57 Scale Barding Armor
23:57 Scale Mail Armor
24:07 Forging
24:17 Bow Saw
26:16 Elite Skirmisher
Germand
9:13 Loom
11:20 Feudal Age
11:55 Double-Bit Axe
11:56 Horse Collar
16:22 Wheelbarrow
23:28 Castle Age
22:51 Scale Mail Armor
22:51 Padded Archer Armor
23:27 Stone Mining
23:32 Gold Mining
27:21 Hand Cart
Connection lost

Rejoining the realm…

Still unreachable

The connection could not be restored.

Session expired

The server has moved on; the page needs a fresh start.